 Dungeon Crawl Stone Soup version 0.29.1-15-g9cfb28693d (webtiles) character file.

Game seed: 12197341759028147620

25645 Jase the Slicer (level 13, 0/70 HPs)
             Began as a Vine Stalker Brigand on Apr 19, 2023.
             Was a Follower of Yredelemnul.
             Succumbed to a spriggan rider's poison
             ... on level 2 of the Lair of Beasts on Apr 20, 2023.
             The game lasted 00:58:09 (12042 turns).

Jase the Slicer (Vine Stalker Brigand)             Turns: 12042, Time: 00:58:10

Health: 0/70       AC: 16    Str: 14    XL:     13   Next: 20%
Magic:  1/21       EV: 16    Int: 15    God:    Yredelemnul [*.....]
Gold:   1102       SH:  0    Dex: 23    Spells: 19/22 levels left

rFire   . . .      SeeInvis .   a - +1 short sword (protect)
rCold   + . .      Faith    .   (no shield)
rNeg    . . .      Spirit   +   W - +2 robe {rC+}
rPois   .          Reflect  .   D - +0 helmet
rElec   .          Harm     .   Y - +2 cloak
rCorr   .          Rampage  .   (no gloves)
Will    ++...                   G - +0 pair of boots
Stlth   +++++.....              q - amulet of regeneration
HPRegen 1.81/turn               i - +6 ring of dexterity
MPRegen 0.17/turn               m - ring of willpower

@: lethally poisoned (0 -> -2), under a protective aura
A: fangs 3, regeneration 1, magic shield, antimagic bite, no potion heal 2
a: Renounce Religion, Recall Undead Harvest


You were on level 2 of the Lair of Beasts.
You worshipped Yredelemnul.
Yredelemnul was aware of your devotion.
You visited 2 branches of the dungeon, and saw 13 of its levels.

You collected 1102 gold pieces.

Inventory:

Hand Weapons
 a - a +1 short sword of protection (weapon)
 b - a +2 scimitar of flaming
 R - a +3 dagger of distortion
Missiles
 d - 29 poisoned darts (quivered)
 e - 5 curare-tipped darts
 J - 5 throwing nets
 L - 6 atropa-tipped darts
 M - 14 boomerangs
Armour
 D - a +0 helmet (worn)
 G - a +0 pair of boots (worn)
 Q - a +2 robe of positive energy
 U - the +1 robe of Ogozyukiv {-Tele rElec Str+3 Dex+3}
   (You found it on level 11 of the Dungeon)

   Str:       It affects your strength (+3).
   Dex:       It affects your dexterity (+3).
   rElec:     It insulates you from electricity.
   -Tele:     It prevents most forms of teleportation.
 W - a +2 robe of cold resistance (worn)
 Y - a +2 cloak (worn)
Jewellery
 i - a +6 ring of dexterity (left hand)
 m - a ring of willpower (right hand)
 q - an amulet of regeneration (around neck)
 z - the ring of the Mage {Wiz Archmagi}
   (You found it on level 3 of the Dungeon)

   [ring of wizardry]

   It improves your spell success rate.
   Archmagi:  It increases the power of your magical spells.
 A - a ring of fire
 K - a ring of positive energy
 N - a ring of fire
 O - a ring of flight
Wands
 c - a wand of flame (6)
 f - a wand of iceblast (21)
 V - a wand of charming (3)
 X - a wand of mindburst (3)
Scrolls
 j - 4 scrolls of butterflies
 k - a scroll of fear
 n - a scroll of brand weapon
 u - 6 scrolls of amnesia {unknown}
 v - 9 scrolls of teleportation
 x - 2 scrolls of blinking
 y - a scroll of torment {unknown}
 B - a scroll of vulnerability {unknown}
 E - a scroll of silence {unknown}
 F - 3 scrolls of enchant weapon {unknown}
 H - a scroll of acquirement {unknown}
 S - a scroll of magic mapping {unknown}
Potions
 g - 2 potions of lignification
 l - 2 potions of cancellation
 o - 2 potions of brilliance
 p - 4 potions of resistance
 r - 3 potions of curing
 s - 5 potions of haste
 t - a potion of magic
 C - a potion of might
 P - 3 potions of flight
 T - a potion of mutation
Miscellaneous
 I - a box of beasts (inert)


   Skills:
 + Level 9.2 Fighting
 - Level 12.0 Short Blades
 - Level 1.7 Throwing
 + Level 5.7 Dodging
 + Level 9.5 Stealth
 - Level 5.0 Spellcasting
 - Level 5.0 Translocations
 * Level 9.7 Invocations


You had 19 spell levels left.
You knew the following spells:

 Your Spells              Type           Power      Damage    Failure   Level
a - Apportation           Tloc           36%        N/A       1%          1
b - Blink                 Tloc           36%        N/A       3%          2

Your spell library contained the following spells:

 Spells                   Type           Power      Damage    Failure   Level
 Scorch                   Fire           6%         2d5       24%         2
 Dazzling Flash           Conj/Hex       6%         N/A       43%         3
 Manifold Assault         Tloc           18%        N/A       50%         5
 Flame Wave               Conj/Fire      3%         2d5       85%         4
 Agony                    Necr           3%         N/A       99%         5
 Alistair's Intoxication  Tmut/Pois      2%         N/A       99%         5
 Silence                  Hex/Air        1%         N/A       99%         5
 Summon Cactus Giant      Summ           1%         N/A       100%        6
 Storm Form               Tmut/Air       1%         N/A       100%        7
 Borgnjor's Revivificati  Necr           1%         N/A       100%        8
 Necromutation            Tmut/Necr      1%         N/A       100%        8
 Death's Door             Necr           1%         N/A       100%        9


Dungeon Overview and Level Annotations

Branches:
Dungeon (11/15)            Temple (0/1) D:4            Lair (2/5) D:11
    Orc (0/2) D:10
  Swamp: Lair:2-3    Shoals: Lair:2-3     Snake: Lair:2-3    Spider: Lair:2-3

Altars:
Cheibriados
Dithmenos
Gozag
Hepliaklqana
Makhleb
Okawaru
Trog
Vehumet
Wu Jian
Xom
Yredelemnul

Shops:
D:4 =   D:6 *

Annotations:
Lair:2 1 transporter, JosephusMaximus's ghost, journeyman DEHW


Innate Abilities, Weirdness & Mutations

You have razor-sharp teeth.
Your natural rate of healing is unusually fast.
When hurt, damage is shared between your health and your magic reserves.
Your bite disrupts and absorbs the magic of your enemies.
Potions cannot restore your health.


Message History

You are lethally poisoned!
The moth of wrath bites your yak zombie!
The spriggan berserker blocks your bullfrog's attack.
Your yak zombie gores the moth of wrath.
The spriggan berserker misses your bullfrog.
Unknown command.
The spriggan rider blocks your attack.
The spriggan rider is lightly wounded.
* * * LOW HITPOINT WARNING * * *
You feel very sick.
The spriggan hits your polar bear with a +0 short sword!
Your polar bear dies!
Your polar bear's corpse disappears in a puff of smoke!
Your yak zombie gores the spriggan rider but does no damage.
The spriggan rider completely misses you.
Your bullfrog hits the spriggan berserker.
The moth of wrath bites your yak zombie!!
Your yak zombie is destroyed!
The spriggan shouts!
The moth of wrath's fur bristles in rage as it notices you.
Unknown command.
You hit the spriggan rider.
Your weapon exudes an aura of protection.
Your bite misses the spriggan rider.
The spriggan rider is lightly wounded.
* * * LOW HITPOINT WARNING * * *
You feel sick.
The spriggan berserker hits your bullfrog with a +0 antimagic quick blade!!
Your bullfrog dies!
Your bullfrog's corpse dissolves into shadows!
Unknown command.
The spriggan rider blocks your attack.
The spriggan rider is lightly wounded.
* * * LOW HITPOINT WARNING * * *
You feel sick. The spriggan rider closely misses you.
Unknown command.
The spriggan rider blocks your attack.
Your bite misses the spriggan rider.
The spriggan rider is lightly wounded.
You die...
Your body rises from the dead as a mindless zombie.

##..#..###P..Z[.####.....Z.......
#.#.#........Z.............Z.....
##..#........Z...................
##..P..............#####.........
.............^...###...###....#.#
....#...........##....#####..####
....#...........#.§..###..#..##
.#.#...........##iii.#≈#..##..#
.......###.....#@yi..$)#...#..##
......+...#...©#iZ##._:...W#©..##
...............#..# .i:##..#.....
P.........P....##.###.# ####.....
......#...#..P..##..#.# #..###.
......#...#..P..##....## ##.Z# ##
#................###.i"###Z.#####
......#.......#.Z.Z#####....P#..#
.......P.#....#.........ZZ.......


You could see 2 spriggan riders, a spriggan berserker (regenerating,
strong-willed, ally target), a moth of wrath, 2 spriggans and a friendly yak
zombie.

Vanquished Creatures
  Erica (D:9)
  2 hydras
  2 two-headed ogres
  A death yak (Lair:2)
  Amaemon (Lair:2)
  Lodul (D:10)
  4 skeletal warriors (D:11)
  An ugly thing (D:11)
  A moth of wrath (Lair:2)
  Maurice (D:9)
  A black mamba (Lair:1)
  A torpor snail (Lair:2)
  3 cane toads
  An orange demon (Lair:2)
  A rime drake (Lair:1)
  Psyche (D:9)
  3 komodo dragons (Lair:1)
  A kobold demonologist (D:10)
  A troll (D:7)
  A spriggan (Lair:2)
  A shadow (D:10)
  A vampire (D:8)
  3 wraiths
  18 yaks
  A steam dragon (D:8)
  An acid dragon (D:10)
  3 water moccasins
  3 ice beasts
  5 orc warriors
  2 black bears
  8 ogres
  4 wolves (Lair:1)
  A centaur (D:9)
  3 kobold brigands
  3 phantoms
  11 bullfrogs
  A necrophage (D:4)
  A gnoll sergeant (D:9)
  4 scorpions
  14 wights
  8 killer bees
  5 howler monkeys
  2 vampire bats (D:3)
  A gnoll bouda (D:7)
  7 hounds
  4 orc priests
  A jelly (D:5)
  5 iguanas
  8 orc wizards
  12 gnolls
  6 adders
  2 shadow imps (D:7)
  A white imp (D:5)
  2 ufetubi
  4 worms
  2 dart slugs
  37 orcs
  9 endoplasms
  2 giant cockroaches (D:1)
  7 goblins
  3 hobgoblins
  5 jackals
  7 ball pythons
  12 bats
  4 frilled lizards
  17 kobolds
  5 rats
295 creatures vanquished.

Vanquished Creatures (collateral kills)
  Fannar (Lair:1)
  A death yak (Lair:2)
  2 cane toads (Lair:2)
  A torpor snail (Lair:2)
  A rime drake (Lair:2)
  A steam dragon (D:8)
  10 yaks (Lair:2)
  3 ogres
  3 bullfrogs
  3 wights (D:9)
  A killer bee (D:10)
  A gnoll bouda (D:5)
  An orc wizard (D:11)
  A mummy (D:9)
  5 gnolls
  15 orcs
  A jackal (D:5)
  2 kobolds
53 creatures vanquished.

Vanquished Creatures (others)
  2 death yak zombies (Lair:2)
  A moth of wrath zombie (Lair:2)
  3 cane toad zombies (Lair:2)
  A water moccasin zombie (Lair:1)
  8 yak zombies
  2 wolf zombies (Lair:1)
  4 bullfrog zombies
  2 killer bee zombies (D:9)
  4 ogre zombies
  An acid dragon zombie (D:10)
  A hound zombie (D:5)
  3 howler monkey zombies
  An adder zombie (D:6)
  An iguana zombie (D:6)
  A ball python zombie (D:4)
  8 kobold zombies
  12 orc zombies
  A spectral ufetubus (D:6)
  19 fungi
  28 plants
103 creatures vanquished.

Grand Total: 451 creatures vanquished

Notes
Turn   | Place    | Note
-------+----------+-------------------------------------------
     0 | D:1      | Jase the Vine Stalker Brigand began the quest for the Orb.
     0 | D:1      | Reached XP level 1. HP: 11/11 MP: 2/2
   281 | D:1      | Reached skill level 5 in Stealth
   281 | D:1      | Reached XP level 2. HP: 7/15 MP: 1/3
   479 | D:1      | Reached skill level 2 in Short Blades
  1066 | D:2      | You fall into a shaft and drop 1 floor!
  1270 | D:2      | Reached skill level 1 in Spellcasting
  1270 | D:2      | Reached XP level 3. HP: 18/18 MP: 5/5
  1753 | D:2      | Gained mutation: Your natural rate of healing is unusually
                  | fast. [Vine Stalker growth]
  1753 | D:2      | Reached XP level 4. HP: 21/23 MP: 3/7
  1950 | D:3      | Found the ring of the Mage {Wiz Archmagi}
  2069 | D:3      | Reached skill level 3 in Short Blades
  2099 | D:3      | Reached XP level 5. HP: 27/27 MP: 8/8
  2458 | D:3      | Reached XP level 6. HP: 30/32 MP: 6/10
  2552 | D:3      | Found a radiant altar of Vehumet.
  2552 | D:3      | Found an opulent altar of Gozag.
  2759 | D:3      | Learned a level 1 spell: Apportation
  2783 | D:4      | Found Kaeqoh's Jewellery Boutique.
  2855 | D:4      | Noticed a black bear
  2903 | D:4      | Reached skill level 4 in Short Blades
  2928 | D:4      | Found a basalt altar of Yredelemnul.
  2960 | D:4      | Became a worshipper of Yredelemnul the Dark
  3070 | D:4      | Reached skill level 1 in Translocations
  3070 | D:4      | Reached XP level 7. HP: 12/36 MP: 6/12
  3075 | D:4      | Reached * piety under Yredelemnul
  3076 | D:4      | Reached skill level 1 in Invocations
  3260 | D:4      | Reached ** piety under Yredelemnul
  3480 | D:4      | Found a staircase to the Ecumenical Temple.
  3656 | D:5      | Entered Level 5 of the Dungeon
  3743 | D:5      | Reached skill level 5 in Short Blades
  3743 | D:5      | Gained mutation: You have razor-sharp teeth. [Vine Stalker
                  | growth]
  3743 | D:5      | Reached XP level 8. HP: 42/42 MP: 12/14
  4024 | D:5      | Reached *** piety under Yredelemnul
  4168 | D:5      | Found a shimmering altar of Xom.
  4169 | D:5      | Found a hazy altar of Hepliaklqana.
  4170 | D:5      | Noticed a spectral ugly thing
  4392 | D:6      | Found a burning altar of Makhleb.
  4440 | D:6      | Reached skill level 6 in Short Blades
  4464 | D:6      | Reached XP level 9. HP: 34/46 MP: 9/16
  4913 | D:6      | Found an ornate altar of the Wu Jian Council.
  4995 | D:6      | Found Osoodgh's Neck Hole.
  5407 | D:7      | Noticed a troll
  5421 | D:7      | Killed a troll
  5422 | D:7      | Reached skill level 5 in Fighting
  5422 | D:7      | Reached skill level 7 in Short Blades
  5422 | D:7      | Reached skill level 5 in Spellcasting
  5622 | D:7      | Found a shadowy altar of Dithmenos.
  5804 | D:7      | Reached skill level 1 in Dodging
  6060 | D:8      | Reached skill level 5 in Invocations
  6157 | D:8      | Reached XP level 10. HP: 48/53 MP: 15/18
  6205 | D:8      | Reached skill level 8 in Short Blades
  6813 | D:9      | Found a snail-covered altar of Cheibriados.
  6852 | D:9      | Identified the +0 scale mail "Miger" {Int+4}
  6878 | D:9      | Noticed a two-headed ogre
  6903 | D:9      | Killed a two-headed ogre
  6920 | D:9      | Reached skill level 9 in Short Blades
  6990 | D:9      | Learned a level 2 spell: Blink
  6993 | D:9      | Noticed Maurice
  7061 | D:9      | Killed Maurice
  7243 | D:9      | Noticed Psyche
  7256 | D:9      | Killed Psyche
  7273 | D:9      | Reached XP level 11. HP: 58/58 MP: 19/19
  7408 | D:9      | Noticed Erica
  7421 | D:9      | Killed Erica
  7430 | D:9      | Found an iron altar of Okawaru.
  7719 | D:10     | Entered Level 10 of the Dungeon
  7806 | D:10     | Reached skill level 10 in Short Blades
  8003 | D:10     | Found a staircase to the Orcish Mines.
  8285 | D:10     | Reached **** piety under Yredelemnul
  8311 | D:10     | Noticed Lodul
  8335 | D:10     | Killed Lodul
  8686 | D:11     | Noticed a red ugly thing
  8690 | D:11     | Noticed a two-headed ogre
  8717 | D:11     | Killed a red ugly thing
  8723 | D:11     | Killed a two-headed ogre
  8885 | D:11     | Noticed a skeletal warrior
  8926 | D:11     | Noticed a skeletal warrior
  8954 | D:11     | Noticed a skeletal warrior
  8957 | D:11     | Killed a skeletal warrior
  8971 | D:11     | Killed a skeletal warrior
  8976 | D:11     | Noticed a skeletal warrior
  8982 | D:11     | Reached XP level 12. HP: 41/64 MP: 18/20
  8989 | D:11     | Reached skill level 5 in Dodging
  9013 | D:11     | Reached skill level 11 in Short Blades
  9021 | D:11     | HP: 3/64 [yak (8)]
  9029 | D:11     | HP: 3/64 [skeletal warrior/+0 long sword (5)]
  9032 | D:11     | HP: 1/64 [skeletal warrior/+0 glaive (3)]
  9171 | D:11     | Identified the +1 robe of Ogozyukiv {-Tele rElec Str+3
                  | Dex+3}
  9739 | D:11     | Reached skill level 5 in Translocations
  9831 | D:11     | Found a staircase to the Lair.
 10333 | Lair:1   | Entered Level 1 of the Lair of Beasts
 10509 | Lair:1   | Noticed Fannar
 10529 | Lair:1   | Killed Fannar
 10720 | Lair:1   | Noticed a five-headed hydra
 10737 | Lair:1   | Killed a two-headed hydra
 11166 | Lair:2   | Noticed a death yak
 11172 | Lair:2   | Noticed a death yak
 11192 | Lair:2   | Killed a death yak
 11207 | Lair:2   | Killed a death yak
 11208 | Lair:2   | Reached skill level 12 in Short Blades
 11251 | Lair:2   | Found a transporter.
 11333 | Lair:2   | Reached ***** piety under Yredelemnul
 11433 | Lair:2   | Noticed a spriggan berserker
 11444 | Lair:2   | Noticed JosephusMaximus's ghost (journeyman DEHW)
 11479 | Lair:2   | Reached XP level 13. HP: 54/70 MP: 21/21
 11482 | Lair:2   | Reached ****** piety under Yredelemnul
 11605 | Lair:2   | Noticed Amaemon
 11636 | Lair:2   | Killed Amaemon
 11720 | Lair:2   | Found a transporter.
 11727 | Lair:2   | Found a bloodstained altar of Trog.
 12031 | Lair:2   | HP: 3/70 [spriggan rider/+2 antimagic trident (26)]
 12039 | Lair:2   | HP: 2/70 [poisoned by a spriggan rider]
 12042 | Lair:2   | Succumbed to a spriggan rider's poison

Illustrated notes

Levels and vault maps discovered:
D:1:      spicycebolla_arrival_ecumenical, layout_basic, minmay_hexomino_p4
D:2:      layout_loops_ring
D:3:      layout_basic, nicolae_overflow_two_pavilions, roderic_batcave
D:4:      layout_basic, mainiacjoe_overflow_six_doors_small,
          minmay_temple_entry_poolview, serial_shops, nicolae_stop_n_shop_1,
          grunt_ministairs_1, kennysheep_generic_room_14
D:5:      minmay_octagon_keep, layout_rooms, regret_index_temple_of_mockery
D:6:      layout_loops_ring, old_standard_altar, kennysheep_mini, st_stairs_4,
          nicolae_shop_sticking_my_neck_out
D:7:      layout_loops_cross, grunt_dithmenos_smoke_and_mirrors,
          minmay_microvault
D:8:      layout_rooms, kennysheep_generic_room_5
D:9:      layout_basic, slow_altar_1, okawaru_metal_pillars_1_2, uniq_erica,
          uniq_psyche, uniq_maurice
D:10:     layout_basic, hiddenorc1_lemuel, uniq_lodul
D:11:     layout_layer_cave, grunt_lair_entry_orc_guard_hut
Lair:1:   layout_gridlike, cheibrodos_lair_reptile_den, grunt_megastairs_3,
          uniq_fannar
Lair:2:   layout_chaotic_city, gammafunk_ghost_wrathful_warriors, uniq_amaemon

Skill      XL: |  1  2  3  4  5  6  7  8  9 10 11 12 13 |
---------------+----------------------------------------+-----
Stealth        | 5 6 7 9 |  9.5
Fighting       | 2 3 4 5 6 7 8 9 |  9.2
Short Blades   | 2 3 4 5 6 7 9 10 12 | 12.0
Spellcasting   | 1 2 3 4 5 |  5.0
Translocations | 1 2 3 4 5 |  5.0
Invocations    | 2 3 5 6 7 9 |  9.7
Dodging        | 1 3 4 5 |  5.7
Throwing       | |  1.7

Action                   |  1- 3 |  4- 6 |  7- 9 | 10-12 | 13-15 || total
-------------------------+-------+-------+-------+-------+-------++-------
Melee: Dagger            |    81 |   108 |       |       |       ||   189
       Bite              |    14 |    36 |   135 |   430 |    42 ||   657
       Punch             |     1 |     1 |     9 |    19 |       ||    30
       Short sword       |       |    19 |   378 |   915 |    81 ||  1393
       Scimitar          |       |       |       |     4 |     5 ||     9
Throw: Dart              |       |     1 |       |       |       ||     1
 Cast: Apportation       |       |     3 |     2 |       |       ||     5
Invok: Recall Undead Har |       |       |       |     1 |     1 ||     2
       Dark Bargain      |       |       |       |     1 |       ||     1
Evoke: Box of beasts     |       |       |     1 |     1 |     1 ||     3
       Wand              |       |       |       |       |     1 ||     1
  Use: Scroll            |       |       |     5 |    15 |     1 ||    21
       Potion            |       |       |       |     3 |     2 ||     5
 Stab: Sleeping          |    12 |    12 |    19 |     8 |       ||    51
       Distracted        |       |     1 |     5 |    13 |     3 ||    22
Armor: Robe              |    14 |    36 |   147 |   215 |    38 ||   450
Dodge: Dodged            |    17 |    71 |   172 |   411 |    84 ||   755
